 Dungeon Crawl Stone Soup version 0.23.1-37-gaa34b87 (webtiles) character file.

Game seed: 7781952217931471419

357 Fang the Skirmisher (level 6, 0/40 HPs)
             Began as a Gargoyle Berserker on Mar 26, 2019.
             Was a Priest of Trog.
             Killed from afar by an orc wizard (2 damage)
             ... with a puff of flame
             ... on level 5 of the Dungeon.
             The game lasted 00:04:01 (4234 turns).

Fang the Skirmisher (Gargoyle Berserker)            Turns: 4234, Time: 00:04:01

Health: 0/40       AC:  6    Str: 22    XL:     6   Next: 64%
Magic:  6/6        EV: 12    Int:  8    God:    Trog [***...]
Gold:   216        SH:  0    Dex:  9    Spells: 5/5 levels left

rFire    . . .     SeeInvis .   a - +0 hand axe
rCold    . . .     Gourm    .   (no shield)
rNeg     + . .     Faith    .   b - +0 animal skin
rPois    ∞         Spirit   .   (no helmet)
rElec    +         Reflect  .   (no cloak)
rCorr    .         Harm     .   (no gloves)
MR       .....                  (no boots)
Stlth    +.........             (no amulet)
HPRegen  0.13/turn              (no ring)
MPRegen  0.10/turn              (no ring)

@: no status effects
A: negative energy resistance 1, electricity resistance, unbreathing,
petrification resistance, rot immunity, AC +4
a: Berserk, Trog's Hand, Renounce Religion


You were on level 5 of the Dungeon.
You worshipped Trog.
Trog was most pleased with you.
You were near starving.

You visited 1 branch of the dungeon, and saw 5 of its levels.

You collected 216 gold pieces.

Inventory:

Hand Weapons
 a - a +0 hand axe (weapon)
Armour
 b - a +0 animal skin (worn)
Scrolls
 d - 6 scrolls of remove curse {unknown}
 e - a scroll of random uselessness {unknown}
 f - 4 scrolls of amnesia {unknown}
 i - 5 scrolls of teleportation {unknown}
 j - 4 scrolls of identify {unknown}
 l - a scroll of enchant weapon {unknown}
 m - a scroll of blinking {unknown}
Potions
 g - a potion of heal wounds {unknown}
 h - 4 potions of curing {unknown}
 k - a potion of agility {unknown}
 n - 2 potions of might {unknown}
 o - a potion of flight {unknown}
 p - a potion of invisibility
 q - a potion of brilliance {unknown}
 r - a potion of mutation {unknown}
 s - a potion of degeneration {unknown}
Comestibles
 c - 13 rations


   Skills:
 + Level 4.8 Fighting
 + Level 4.0 Axes
 + Level 4.1 Armour
 + Level 3.0 Dodging


You had 5 spell levels left.
You didn't know any spells.
Your spell library was empty.

Dungeon Overview and Level Annotations

Branches:
Dungeon (5/15)
 Temple: D:4-7

Altars:
Ashenzari
Gozag
Okawaru
Trog
Uskayaw
Zin


Innate Abilities, Weirdness & Mutations

You are resistant to torment.
Your stone body is resilient. (AC +4)
You are immune to poison.
You resist negative energy. (rN+)
You are resistant to electric shocks. (rElec)
You can survive without breathing.
You are immune to petrification.
You are immune to rotting.


Message History

The magic dart hits you.
* * * LOW HITPOINT WARNING * * *
You barely miss something.
You hear some strange, mumbled words.
A puff of flame appears from out of thin air!
The puff of flame misses you.
You barely miss something.
You hear some strange, mumbled words.
A magic dart appears from out of thin air!
The magic dart hits you.
* * * LOW HITPOINT WARNING * * *
You barely miss something. Something hits you but does no damage.
You miss something. Something hits you but does no damage.
You hit something. Something hits you.
* * * LOW HITPOINT WARNING * * *
You miss something.
You hear some strange, mumbled words.
A puff of flame appears from out of thin air!
The puff of flame hits you.
You die...

. ...
....<##########
#....o{@......#
.....########.#
#.. ####.# #
#....###
#......####
#...#.....#
##.#_#.##.#
#..#..## #
#......#


You could see an orc.

Vanquished Creatures
  A scorpion (D:4)
  3 orc wizards
  Natasha (twice) (D:4)
  An iguana (D:4)
  Robin (D:3)
  3 adders
  An ooze (D:3)
  An adder skeleton (D:4)
  3 worms
  A dart slug (D:1)
  7 orcs
  6 ball pythons
  4 bats
  6 giant cockroaches
  13 hobgoblins
  6 jackals
  2 quokkas (D:3)
  4 frilled lizards
  11 goblins
  6 kobolds
  A quokka skeleton (D:3)
  7 rats
90 creatures vanquished.

Notes
Turn   | Place    | Note
-------+----------+-------------------------------------------
     0 | D:1      | Fang the Gargoyle Berserker began the quest for the Orb.
     0 | D:1      | Reached XP level 1. HP: 14/14 MP: 1/1
   141 | D:1      | Reached XP level 2. HP: 10/19 MP: 2/2
  1032 | D:1      | Reached XP level 3. HP: 23/23 MP: 3/3
  1175 | D:2      | Reached ** piety under Trog
  1677 | D:2      | Reached XP level 4. HP: 20/29 MP: 4/4
  2136 | D:3      | Found a bloodstained altar of Trog.
  2228 | D:3      | Found a shattered altar of Ashenzari.
  2229 | D:3      | Found a glowing silver altar of Zin.
  2229 | D:3      | Found an opulent altar of Gozag.
  2230 | D:3      | Found a hide-covered altar of Uskayaw.
  2379 | D:3      | Noticed Robin
  2391 | D:3      | Reached XP level 5. HP: 22/33 MP: 5/5
  2392 | D:3      | Reached *** piety under Trog
  2393 | D:3      | Killed Robin
  2657 | D:4      | Noticed Natasha
  2667 | D:4      | Killed Natasha
  3106 | D:4      | Reached XP level 6. HP: 34/39 MP: 6/6
  3351 | D:4      | Noticed Natasha
  3364 | D:4      | Killed Natasha
  4187 | D:5      | Entered Level 5 of the Dungeon
  4190 | D:5      | Found an iron altar of Okawaru.
  4233 | D:5      | HP: 2/40 [something (2)]
  4234 | D:5      | Killed from afar by an orc wizard

Skill      XL: |  1  2  3  4  5  6 |
---------------+-------------------+-----
Axes           | 3 4 |  4.0
Dodging        | 2 3 |  3.0
Armour         | 3 4 |  4.1
Fighting       | 4 |  4.8

Action                   |  1- 3 |  4- 6 || total
-------------------------+-------+-------++-------
Melee: Hand axe          |   135 |   207 ||   342
Invok: Berserk           |       |     3 ||     3
 Stab: Sleeping          |     1 |       ||     1
  Eat: Chunk             |     3 |     9 ||    12
Armor: Animal skin       |    46 |    80 ||   126
Dodge: Dodged            |   103 |   138 ||   241
